 Dungeon Crawl Stone Soup version 0.29.1-1-gd02db6906a (webtiles) character file.

Game seed: 15267284736730324450

53 fireball365 the Covered (level 3, -1/33 HPs)
             Began as a Minotaur Fighter on Oct 8, 2022.
             Was a Follower of Trog.
             Slain by an ogre
             ... wielding a +0 giant spiked club
              (17 damage)
             ... on level 2 of the Dungeon.
             The game lasted 00:05:58 (1459 turns).

fireball365 the Covered (Minotaur Fighter)          Turns: 1459, Time: 00:06:02

Health: -1/33      AC: 16    Str: 20    XL:     3   Next: 62%
Magic:  2/2        EV:  2    Int:  7    God:    Trog [*.....]
Gold:   86         SH:  4    Dex:  9    Spells: 2/2 levels left

rFire   . . .      SeeInvis .   a - +0 war axe
rCold   . . .      Faith    .   c - +0 buckler
rNeg    . . .      Spirit   .   g - +0 crystal plate armour
rPois   .          Reflect  .   n - +0 hat
rElec   .          Harm     .   (no cloak)
rCorr   .          Rampage  .   (no gloves)
Will    .....                   (no boots)
Stlth   ..........              (no amulet)
HPRegen 0.11/turn               (no ring)
MPRegen 0.08/turn               (no ring)

@: no status effects
A: horns 2, retaliatory headbutt
a: Renounce Religion, Berserk


You were on level 2 of the Dungeon.
You worshipped Trog.
Trog was aware of your devotion.
You visited 1 branch of the dungeon, and saw 2 of its levels.

You collected 86 gold pieces.

Inventory:

Hand Weapons
 a - a +0 war axe (weapon)
 f - a +3 short sword
Missiles
 i - 3 stones (quivered)
 j - 3 javelins
 p - a throwing net
Armour
 b - a +0 scale mail
 c - a +0 buckler (worn)
 g - a +0 crystal plate armour (worn)
 m - a +0 helmet
 n - a +0 hat (worn)
Scrolls
 e - a scroll of identify
 l - a scroll of enchant armour {unknown}
Potions
 d - a potion of might
 h - a potion of resistance {unknown}
 k - a potion of mutation {unknown}
 o - a potion of haste {unknown}


   Skills:
 + Level 4.1 Fighting
 + Level 3.4 Axes
 + Level 4.2 Armour
 + Level 4.1 Shields


You had 2 spell levels left.
You didn't know any spells.
Your spell library was empty.

Dungeon Overview and Level Annotations

Branches:
Dungeon (2/15)

Altars:
Trog


Innate Abilities, Weirdness & Mutations

You have a pair of horns on your head.
You reflexively headbutt those who attack you in melee.


Message History

A rat comes into view.
Found a faded altar of an unknown god.
There is an open door here.
You block the rat's attack.
You hit the rat.
You kill the rat!
You see here a rat corpse.
There is a faded altar of an unknown god here.
You cannot tell which god this altar belongs to.
Convert to them anyway?
Trog accepts your prayer! Trog welcomes you!
You can now go berserk at will.
You open the door.
There is an open door here.
Found a throwing net.
p - a throwing net A rat comes into view.
You hit the rat.
You kill the rat!
Trog accepts your kill.
You see here a rat corpse.
An ogre comes into view. It is wielding a +0 giant spiked club.
The ogre shouts!
You hear an angry hiss. x2
An adder comes into view.
Found a scroll of magic mapping.
The adder hisses angrily.
An adder comes into view.
The ogre hits you with a +0 giant spiked club!
Ouch! That really hurt!
Found a stone staircase leading down.
The adder bites you but does no damage. The adder bites you but does no damage.
The ogre hits you but does no damage.
The adder bites you but does no damage. x2
The adder completely misses you.
You slash the adder!
The adder is severely wounded.
You barely miss the ogre. You barely miss the adder.
The adder barely misses you.
The adder bites you but does no damage. x2
The ogre hits you with a +0 giant spiked club!
Ouch! That really hurt!
You die...

#.#...?. ... #.#..#.#
#.# #.#..#.# #.#
#.#..#.# #.# . #####
#.#....# #.##....
....# #.#....#
###.##...# ....#
#.#S...###.#.##....
....#
#@S.....†.........
....#
##O...###.#.#####.
....#
..............#8.8#.
....#
..........#.8###...##
....#
.......#...#..'..._.†.
'####
.........#.#.8###...##
.#
##.#####..>#....#8.8#.
.# #. #.#.##...#####.
.# #<.........


You could see an ogre and 2 adders.

Vanquished Creatures
  An adder (D:2)
  A worm (D:2)
  3 bats (D:1)
  4 endoplasms
  6 giant cockroaches (D:1)
  4 goblins (D:1)
  3 hobgoblins (D:1)
  6 ball pythons
  A frilled lizard (D:1)
  4 kobolds (D:1)
  5 rats
38 creatures vanquished.

Notes
Turn   | Place    | Note
-------+----------+-------------------------------------------
     0 | D:1      | fireball365 the Minotaur Fighter began the quest for the
                  | Orb.
     0 | D:1      | Reached XP level 1. HP: 19/19 MP: 0/0
   121 | D:1      | Reached XP level 2. HP: 17/27 MP: 1/1
   810 | D:1      | Reached XP level 3. HP: 33/33 MP: 2/2
  1425 | D:2      | Found a faded altar of an unknown god.
  1432 | D:2      | Prayed at the altar of an unknown god.
  1432 | D:2      | Became a worshipper of Trog the Wrathful
  1432 | D:2      | Reached * piety under Trog
  1452 | D:2      | Noticed an ogre
  1459 | D:2      | Slain by an ogre

Illustrated notes

Levels and vault maps discovered:
D:1:      dpeg_arrival_stonehenge_8_columns, layout_loops_corners
D:2:      layout_basic, dreamdust_ecumenical_altar_angels_and_demons

Skill      XL: |  1  2 |
---------------+-------+-----
Fighting       | 4 |  4.1
Shields        | 4 |  4.1
Armour         | 4 |  4.2
Axes           | 3 |  3.4

Action                   || total
-------------------------++-------
Melee: War axe           ||    75
       Headbutt          ||     6
Throw: Stone             ||     2
  Use: Scroll            ||     2
Armor: Crystal plate arm ||   157
Dodge: Dodged            ||    23
Block: Buckler           ||    32
